TOP OF THE 1ST |
District 9 Prawns batting - Pitching for Mile High Broncos : RHP Manny Pérez
|
Pitching: RHP Manny Pérez
|
|
Batting: RHB Reynold Akker
|
0-0: Ball 1-0: Foul Ball, location: 2F 1-1: Foul Ball, location: 2F 1-2: Strikes out swinging
|
Batting: RHB José Colón
|
0-0: Called Strike 0-1: Called Strike 0-2: Ball 1-2: Strikes out looking
|
Batting: SHB Rick Turner
|
0-0: Ball 1-0: Foul Ball, location: 2F 1-1: Called Strike 1-2: Ball 2-2: Strikes out swinging
|
Top of the 1st over - 0 run(s), 0 hit(s), 0 error(s), 0 left on base; District 9 0 - Mile High 0 |
BOTTOM OF THE 1ST |
Mile High Broncos batting - Pitching for District 9 Prawns : RHP Fernand Picard
|
Pitching: RHP Fernand Picard
|
|
Batting: RHB Edward Williams
|
0-0: Called Strike 0-1: Ball 1-1: SINGLE (Line Drive, 7LM)
|
Batting: RHB Evan Robinson
|
0-0: Fly out, F7 (Flyball, 7S)
|
Batting: LHB Mark Everett
|
0-0: Ball 1-0: Called Strike 1-1: Fly out, F4 (Line Drive, 4)
|
Batting: LHB Dave Cook
|
0-0: Called Strike 0-1: Swinging Strike 0-2: Ball 1-2: Ball 2-2: Foul Ball, location: 2F 2-2: Foul Ball, location: 2F 2-2: Foul Ball, location: 2F 2-2: Foul Ball, location: 2F 2-2: Ball 3-2: Fly out, F9 (Flyball, 89M)
|
Bottom of the 1st over - 0 run(s), 1 hit(s), 0 error(s), 1 left on base; District 9 0 - Mile High 0 |
TOP OF THE 2ND |
District 9 Prawns batting - Pitching for Mile High Broncos : RHP Manny Pérez
|
Batting: RHB Felipe Jareño
|
0-0: Called Strike 0-1: Ball 1-1: Ball 2-1: Foul Ball, location: 2F 2-2: Foul Ball, location: 2F 2-2: Foul Ball, location: 2F 2-2: Fly out, F9 (Flyball, 9S)
|
Batting: SHB José Estreito
|
0-0: Ball 1-0: Ball 2-0: Called Strike 2-1: Called Strike 2-2: Ground out 3-1 (Groundball, 34)
|
Batting: LHB Leonard Harvey
|
0-0: Ball 1-0: Ball 2-0: Foul Ball, location: 2F 2-1: Fly out, F3 (Popup, 3S)
|
Top of the 2nd over - 0 run(s), 0 hit(s), 0 error(s), 0 left on base; District 9 0 - Mile High 0 |
BOTTOM OF THE 2ND |
Mile High Broncos batting - Pitching for District 9 Prawns : RHP Fernand Picard
|
Batting: RHB Jeff Packard
|
0-0: Called Strike 0-1: Ball 1-1: Swinging Strike 1-2: Ball 2-2: Strikes out looking
|
Batting: RHB António Martínez
|
0-0: Ball 1-0: Ball 2-0: Ball 3-0: Swinging Strike 3-1: Fly out, F9 (Flyball, 9)
|
Batting: RHB José Darias
|
0-0: Foul Ball, location: 2F 0-1: Ball 1-1: Ball 2-1: Ball 3-1: Called Strike 3-2: Base on Balls
|
Batting: RHB John Brown
|
0-0: Ball 1-0: Ball Throwing error on steal attempt, E2 José Darias to third 2-0: Ball 3-0: Called Strike 3-1: SINGLE (Line Drive, 8RS) José Darias scores
|
Batting: RHB Bo Vickers
|
0-0: Foul Ball, location: 2F 0-1: Ball 1-1: Swinging Strike 1-2: Strikes out swinging
|
Bottom of the 2nd over - 1 run(s), 1 hit(s), 1 error(s), 1 left on base; District 9 0 - Mile High 1 |
TOP OF THE 3RD |
District 9 Prawns batting - Pitching for Mile High Broncos : RHP Manny Pérez
|
Batting: RHB Carlos Flores
|
0-0: Ball 1-0: Ball 2-0: Foul Ball, location: 2F 2-1: SINGLE (Groundball, 6D)
|
Batting: LHB Culley Vaughan
|
0-0: Called Strike 0-1: Ball 1-1: Called Strike 1-2: Strikes out swinging
|
Batting: RHB Phil Jacobs
|
0-0: Grounds into double play, 4-6-3 (Groundball, 4M)
|
Top of the 3rd over - 0 run(s), 1 hit(s), 0 error(s), 0 left on base; District 9 0 - Mile High 1 |
BOTTOM OF THE 3RD |
Mile High Broncos batting - Pitching for District 9 Prawns : RHP Fernand Picard
|
Batting: RHB Edward Williams
|
0-0: SINGLE (Groundball, 6S) (infield hit)
|
Batting: RHB Evan Robinson
|
0-0: Ball 1-0: Ball 2-0: Foul Ball, location: 2F 2-1: Foul Ball, location: 2F 2-2: Ground out U3 (Groundball, 34) Edward Williams to second
|
Batting: LHB Mark Everett
|
0-0: Ball 1-0: Swinging Strike 1-1: Fly out, F9 (Flyball, 9)
|
Batting: LHB Dave Cook
|
0-0: Swinging Strike 0-1: Ball 1-1: Ground out 4-3 (Groundball, 4MS)
|
Bottom of the 3rd over - 0 run(s), 1 hit(s), 0 error(s), 1 left on base; District 9 0 - Mile High 1 |
TOP OF THE 4TH |
District 9 Prawns batting - Pitching for Mile High Broncos : RHP Manny Pérez
|
Batting: RHB Reynold Akker
|
0-0: SINGLE (Groundball, 6D)
|
Batting: RHB José Colón
|
0-0: Ball 1-0: Ball 2-0: Called Strike 2-1: Ball 3-1: Base on Balls Reynold Akker to second
|
Batting: SHB Rick Turner
|
0-0: Called Strike 0-1: Ball 1-1: Ball 2-1: Grounds into double play, 4-6-3 (Groundball, 34) Reynold Akker to third
|
Batting: RHB Felipe Jareño
|
0-0: Ball 1-0: Ball 2-0: Foul Ball, location: 2F 2-1: Ball 3-1: Base on Balls
|
Batting: SHB José Estreito
|
0-0: Called Strike 0-1: Called Strike 0-2: Ball 1-2: Ball 2-2: Ball 3-2: Base on Balls Felipe Jareño to second
|
Batting: LHB Leonard Harvey
|
0-0: Ball 1-0: Foul Ball, location: 2F 1-1: Ball 2-1: Ball 3-1: Called Strike 3-2: GRAND SLAM HOME RUN (Flyball, 8RXD), Distance : 440 ft
|
Batting: RHB Carlos Flores
|
0-0: Ball 1-0: Ball 2-0: Called Strike 2-1: Foul Ball, location: 2F 2-2: Ball 3-2: Strikes out swinging
|
Top of the 4th over - 4 run(s), 2 hit(s), 0 error(s), 0 left on base; District 9 4 - Mile High 1 |
BOTTOM OF THE 4TH |
Mile High Broncos batting - Pitching for District 9 Prawns : RHP Fernand Picard
|
Batting: RHB Jeff Packard
|
0-0: Called Strike 0-1: Swinging Strike 0-2: Foul Ball, location: 2F 0-2: Ball 1-2: Ball 2-2: Ball 3-2: Base on Balls
|
Batting: RHB António Martínez
|
0-0: Ball 1-0: DOUBLE (Flyball, 89XD) Jeff Packard to third Runner from 3rd tries for Home, SAFE, no throw
|
Batting: RHB José Darias
|
0-0: Ball 1-0: Foul Ball, location: 2F 1-1: Ball 2-1: TRIPLE (Line Drive, 9LM) António Martínez scores
|
Batting: RHB John Brown
|
0-0: Ball 1-0: Ball 2-0: Foul Ball, location: 2F 2-1: Swinging Strike 2-2: Ball 3-2: Strikes out swinging
|
Batting: RHB Bo Vickers
|
0-0: Ball 1-0: Ball 2-0: Swinging Strike 2-1: Ball 3-1: Foul Ball, location: 2F 3-2: Fly out, F7 (Line Drive, 7LM) Runner from 3rd tags up, SCORES, no throw
|
Batting: RHB Edward Williams
|
0-0: Ball 1-0: Ball 2-0: Ball 3-0: Base on Balls
|
Batting: RHB Evan Robinson
|
0-0: Ball 1-0: Called Strike 1-1: Ball 2-1: Called Strike 2-2: Ball 3-2: Base on Balls Edward Williams to second
|
Batting: LHB Mark Everett
|
0-0: Called Strike 0-1: SINGLE (Groundball, 56D) Edward Williams to third Evan Robinson to second Runner from 3rd tries for Home, SAFE, no throw
|
Batting: LHB Dave Cook
|
0-0: Ball 1-0: Foul Ball, location: 2F 1-1: Foul Ball, location: 2F 1-2: Foul Ball, location: 2F 1-2: Ball 2-2: DOUBLE (Line Drive, 89D) Evan Robinson scores Mark Everett to third Runner from 3rd tries for Home, SAFE, no throw
|
Pitching: RHP Eduardo Delgado
|
|
Batting: RHB Jeff Packard
|
0-0: Ball 1-0: Fly out, F8 (Line Drive, 8LS)
|
Bottom of the 4th over - 6 run(s), 4 hit(s), 0 error(s), 1 left on base; District 9 4 - Mile High 7 |
TOP OF THE 5TH |
District 9 Prawns batting - Pitching for Mile High Broncos : RHP Manny Pérez
|
Batting: LHB Culley Vaughan
|
0-0: Ball 1-0: Swinging Strike 1-1: Fly out, F7 (Line Drive, 78M)
|
Batting: RHB Phil Jacobs
|
0-0: Ball 1-0: Ball 2-0: Foul Ball, location: 2F 2-1: Foul Ball, location: 2F 2-2: SINGLE (Line Drive, 78M)
|
Batting: RHB Reynold Akker
|
0-0: Ball 1-0: Ball 2-0: Swinging Strike 2-1: Called Strike 2-2: Ball 3-2: Foul Ball, location: 2F 3-2: Base on Balls Phil Jacobs to second
|
Batting: RHB José Colón
|
0-0: Called Strike 0-1: Fly out, F8 (Line Drive, 78M)
|
Batting: SHB Rick Turner
|
0-0: Ball 1-0: Foul Ball, location: 2F 1-1: Ground out U3 (Groundball, 34)
|
Top of the 5th over - 0 run(s), 1 hit(s), 0 error(s), 2 left on base; District 9 4 - Mile High 7 |
BOTTOM OF THE 5TH |
Mile High Broncos batting - Pitching for District 9 Prawns : RHP Eduardo Delgado
|
Batting: RHB António Martínez
|
0-0: Swinging Strike 0-1: Ball 1-1: Ball 2-1: Ground out 6-3 (Groundball, 6)
|
Batting: RHB José Darias
|
0-0: Ball 1-0: Called Strike 1-1: Called Strike 1-2: Foul Ball, location: 2F 1-2: Ball 2-2: SINGLE (Groundball, 6MD)
|
Batting: RHB John Brown
|
0-0: Ground out 3-1 (Groundball, 34) José Darias to second
|
Batting: RHB Bo Vickers
|
0-0: Foul Ball, location: 2F 0-1: Swinging Strike 0-2: Fly out, F8 (Flyball, 78S)
|
Bottom of the 5th over - 0 run(s), 1 hit(s), 0 error(s), 1 left on base; District 9 4 - Mile High 7 |
TOP OF THE 6TH |
District 9 Prawns batting - Pitching for Mile High Broncos : RHP Manny Pérez
|
Batting: RHB Felipe Jareño
|
0-0: Called Strike 0-1: Ball 1-1: Fly out, F8 (Flyball, 8LS)
|
Batting: SHB José Estreito
|
0-0: Called Strike 0-1: Called Strike 0-2: Ball 1-2: Fly out, F8 (Flyball, 8RXD)
|
Batting: LHB Leonard Harvey
|
0-0: Called Strike 0-1: Ground out 6-3 (Groundball, 6)
|
Top of the 6th over - 0 run(s), 0 hit(s), 0 error(s), 0 left on base; District 9 4 - Mile High 7 |
BOTTOM OF THE 6TH |
Mile High Broncos batting - Pitching for District 9 Prawns : RHP Eduardo Delgado
|
Batting: RHB Edward Williams
|
0-0: Foul Ball, location: 2F 0-1: Ball 1-1: Ball 2-1: SINGLE (Line Drive, 7LS)
|
Batting: RHB Evan Robinson
|
0-0: Swinging Strike 0-1: Ball 1-1: Foul Ball, location: 2F 1-2: Strikes out looking
|
Batting: LHB Mark Everett
|
0-0: Ball 1-0: Ball 2-0: Ball 3-0: Called Strike 3-1: Called Strike 3-2: Fly out, F9 (Line Drive, 89D)
|
Batting: LHB Dave Cook
|
0-0: Ball 1-0: Ball 2-0: Foul Ball, location: 2F 2-1: Ball 3-1: Foul Ball, location: 2F 3-2: Ground out 4-3 (Groundball, 4S)
|
Bottom of the 6th over - 0 run(s), 1 hit(s), 0 error(s), 1 left on base; District 9 4 - Mile High 7 |
TOP OF THE 7TH |
District 9 Prawns batting - Pitching for Mile High Broncos : RHP Manny Pérez
|
Batting: RHB Carlos Flores
|
0-0: Called Strike 0-1: Swinging Strike 0-2: Ball 1-2: Strikes out swinging
|
Batting: LHB Culley Vaughan
|
0-0: Ball 1-0: Ball 2-0: Fly out, F9 (Flyball, 9LM)
|
Batting: RHB Phil Jacobs
|
0-0: Ball 1-0: DOUBLE (Line Drive, 9LM)
|
Pitching: RHP David Bailey
|
|
Batting: RHB Reynold Akker
|
0-0: Foul Ball, location: 2F 0-1: Ball 1-1: Ball 2-1: Swinging Strike 2-2: Strikes out swinging
|
Top of the 7th over - 0 run(s), 1 hit(s), 0 error(s), 1 left on base; District 9 4 - Mile High 7 |
BOTTOM OF THE 7TH |
Mile High Broncos batting - Pitching for District 9 Prawns : RHP Eduardo Delgado
|
Batting: RHB Jeff Packard
|
0-0: Swinging Strike 0-1: Ball 1-1: Foul Ball, location: 2F 1-2: Strikes out swinging
|
Batting: RHB António Martínez
|
0-0: Ball 1-0: Ball 2-0: Called Strike 2-1: Swinging Strike 2-2: Foul Ball, location: 2F 2-2: Foul Ball, location: 2F 2-2: Strikes out swinging
|
Batting: RHB José Darias
|
0-0: Called Strike 0-1: Foul Ball, location: 2F 0-2: Strikes out swinging
|
Bottom of the 7th over - 0 run(s), 0 hit(s), 0 error(s), 0 left on base; District 9 4 - Mile High 7 |
TOP OF THE 8TH |
District 9 Prawns batting - Pitching for Mile High Broncos : RHP David Bailey
|
Batting: RHB José Colón
|
0-0: Called Strike 0-1: Ball 1-1: Ball 2-1: Called Strike 2-2: SINGLE (Groundball, 56D)
|
Pitching: RHP José García
|
|
Batting: SHB Rick Turner
|
0-0: Called Strike 0-1: Foul Ball, location: 2F 0-2: SINGLE (Groundball, 56D) José Colón to second
|
Batting: RHB Felipe Jareño
|
0-0: SINGLE (Groundball, 6) (infield hit) José Colón to third Rick Turner to second
|
Pinch Hitting: RHB Doug O'Brien
|
0-0: Foul Ball, location: 2F 0-1: Foul Ball, location: 2F 0-2: Ball 1-2: Ball 2-2: SINGLE (Groundball, 56) (infield hit) José Colón scores Rick Turner to third Felipe Jareño to second
|
Pinch Hitting: LHB Pedro Rodríguez
|
0-0: Called Strike 0-1: Grounds into fielders choice 1-2 (Groundball, 13) Felipe Jareño to third Doug O'Brien to second
|
Batting: RHB Carlos Flores
|
0-0: DOUBLE (Flyball, 78XD) Felipe Jareño scores Doug O'Brien scores Pedro Rodríguez to third
|
Pinch Hitting: LHB Leonard Young
|
0-0: Intentional Walk
|
Pitching: LHP Jorge García
|
|
Batting: RHB Phil Jacobs
|
0-0: Called Strike 0-1: Grounds into fielders choice 6-2 (Groundball, 6) Carlos Flores to third Leonard Young to second
|
Batting: RHB Reynold Akker
|
0-0: Ball 1-0: Ball 2-0: Foul Ball, location: 2F 2-1: Swinging Strike 2-2: Foul Ball, location: 2F 2-2: Fly out, F4 (Line Drive, 4D)
|
Top of the 8th over - 3 run(s), 5 hit(s), 0 error(s), 3 left on base; District 9 7 - Mile High 7 |
BOTTOM OF THE 8TH |
Mile High Broncos batting - Pitching for District 9 Prawns : RHP Eduardo Delgado
|
Now in LF: Jeff Stevenson
|
|
Now in CF: Ralph Schultz
|
|
Now in RF: Gil Palmer
|
|
Pinch Hitting: LHB Tony Báez
|
0-0: Ball 1-0: Ball 2-0: SINGLE (Line Drive, 7LS)
|
Batting: RHB Bo Vickers
|
0-0: Sac Bunt - play at first, batter OUT! 5-4 Tony Báez to second
|
Pitching: RHP Mike Stabler
|
|
Batting: RHB Edward Williams
|
0-0: Ball 1-0: Swinging Strike 1-1: Swinging Strike 1-2: Ball 2-2: Strikes out looking
|
Batting: RHB Evan Robinson
|
0-0: Foul Ball, location: 2F 0-1: Ball 1-1: Fly out, F7 (Flyball, 7)
|
Bottom of the 8th over - 0 run(s), 1 hit(s), 0 error(s), 1 left on base; District 9 7 - Mile High 7 |
TOP OF THE 9TH |
District 9 Prawns batting - Pitching for Mile High Broncos : LHP Jorge García
|
Pitching: RHP Denny Green
|
|
Now at 2B: Paco Martínez
|
|
Pinch Hitting: LHB Mike Davis
|
0-0: Called Strike 0-1: Ball 1-1: Ball 2-1: Ball 3-1: Foul Ball, location: 2F 3-2: Foul Ball, location: 2F 3-2: Foul Ball, location: 2F 3-2: SINGLE (Line Drive, 6)
|
Batting: SHB Rick Turner
|
0-0: Ball 1-0: Called Strike 1-1: DOUBLE (Line Drive, 8RD) Mike Davis to third
|
Batting: RHB Felipe Jareño
|
0-0: Intentional Walk
|
Batting: RHB Jeff Stevenson
|
0-0: Ball 1-0: Ball 2-0: Ball 3-0: Called Strike 3-1: Base on Balls Mike Davis scores Rick Turner to third Felipe Jareño to second
|
Batting: LHB Ralph Schultz
|
0-0: Called Strike 0-1: Grounds into fielders choice 3-2 (Groundball, 3L) Felipe Jareño to third Jeff Stevenson to second
|
Batting: RHB Carlos Flores
|
0-0: Called Strike 0-1: Ball 1-1: Ball 2-1: Fly out, F8 (Flyball, 8LD) Runner from 3rd tags up, SCORES, no throw
|
Batting: RHB Gil Palmer
|
0-0: Called Strike 0-1: 3-RUN HOME RUN (Line Drive, 7LD), Distance : 370 ft
|
Batting: RHB Phil Jacobs
|
0-0: Foul Ball, location: 2F 0-1: Fly out, F4 (Popup, 4)
|
Top of the 9th over - 5 run(s), 3 hit(s), 0 error(s), 0 left on base; District 9 12 - Mile High 7 |
BOTTOM OF THE 9TH |
Mile High Broncos batting - Pitching for District 9 Prawns : RHP Mike Stabler
|
Now at 1B: Mike Davis
|
|
Now at 3B: Manuel Cardenas
|
|
Batting: LHB Mark Everett
|
0-0: Swinging Strike 0-1: Ball 1-1: Ball 2-1: Ball 3-1: Swinging Strike 3-2: Foul Ball, location: 2F 3-2: Strikes out looking
|
Batting: LHB Dave Cook
|
0-0: Ball 1-0: Ball 2-0: Ball 3-0: Base on Balls
|
Batting: RHB Jeff Packard
|
0-0: Ball 1-0: Called Strike 1-1: Ball 2-1: Swinging Strike 2-2: Foul Ball, location: 2F 2-2: Ball 3-2: Foul Ball, location: 2F 3-2: Fly out, F9 (Flyball, 9)
|
Batting: RHB António Martínez
|
0-0: Ball 1-0: Fly out, F8 (Flyball, 8RXD)
|
Bottom of the 9th over - 0 run(s), 0 hit(s), 0 error(s), 1 left on base; District 9 12 - Mile High 7 |
|